 Dungeon Crawl Stone Soup version 0.32-a0-909-gc671339a80 (webtiles) character file.

Game seed: 7912682880227563472

1659 Esekla the Magician (level 8, -5/60 HPs)
             Began as a Demonspawn Wanderer on Apr 6, 2024.
             Was an Initiate of Sif Muna.
             Slain by an orc knight
             ... wielding a +0 broad axe
              (25 damage)
             ... in a bailey.
             The game lasted 00:45:55 (7729 turns).

Esekla the Magician (Demonspawn Wanderer)           Turns: 7729, Time: 00:45:55

Health: -5/60      AC:  4    Str: 12    XL:     8   Next: 68%
Magic:  3/15       EV: 13    Int: 17    God:    Sif Muna [......]
Gold:   598        SH:  0    Dex: 11    Spells: 4/16 levels left

rFire   . . .        a - +2 dagger (flame)
rCold   . . .        (no shield)
rNeg    . . .        l - +2 robe of the Apothecary {+Inv rCorr}
rPois   .            (helmet restricted)
rElec   .            (no cloak)
rCorr   +            (no gloves)
SInv    .            (no boots)
Will    .....        (no amulet)
Stlth   +            (no ring)
HPRegen 0.30/turn    (no ring)
MPRegen 0.28/turn

%: no passive effects
@: mighty, silenced
A: antennae 1, repulsion field 1, foul stench 1, magic regeneration
a: Renounce Religion, Evoke Invisibility


You were in a bailey.
You worshipped Sif Muna.
Sif Muna was noncommittal.
You visited 2 branches of the dungeon, and saw 8 of its levels.
You also visited: Bailey.

You collected 598 gold pieces.

Inventory:

Hand Weapons
 a - a +2 dagger of flaming (weapon)
 r - a +0 spear
Missiles
 b - 5 curare-tipped darts (quivered)
 f - 12 poisoned darts
 w - 9 boomerangs
Armour
 l - the +2 robe of the Apothecary (worn) {+Inv rCorr}
   (You found it on level 2 of the Dungeon)

   +Inv:      It lets you turn invisible.
   rCorr:     It protects you from acid and corrosion.
Wands
 i - a wand of roots (11)
 s - a wand of flame (10)
 u - a wand of quicksilver (11)
Scrolls
 d - a scroll of fog {unknown}
 e - 3 scrolls of identify
 h - a scroll of noise {unknown}
 k - a scroll of fear {unknown}
 o - a scroll of amnesia {unknown}
 p - a scroll of torment {unknown}
 q - a scroll of brand weapon {unknown}
Potions
 c - a potion of mutation
 j - a potion of invisibility


   Skills:
 * Level 4.2 Fighting
 + Level 2.2 Short Blades
 + Level 0.3 Throwing
 + Level 2.4 Dodging
 + Level 2.3 Stealth
 * Level 4.6 Spellcasting
 + Level 1.0 Hexes
 * Level 2.2 Necromancy
 * Level 3.1 Fire Magic
 * Level 1.9 Ice Magic
 + Level 3.8 Air Magic
 + Level 4.4 Alchemy
 * Level 2.7 Invocations


You had 4 spell levels left.
You knew the following spells:

 Your Spells              Type           Power      Damage    Failure   Level
a - Ozocubu's Armour      Ice            10%        N/A       21%         3
b - Fugue of the Fallen   Necr           11%        N/A       19%         3
n - Ignite Poison         Fire/Alch      16%        N/A       30%         4
v - Mercury Vapours       Alch/Air       34%        N/A       4%          2

Your spell library contained the following spells:

 Spells                   Type           Power      Damage    Failure   Level
 Sting                    Conj/Alch      44%        1d5       6%          1
 Slow                     Hex            28%        N/A       10%         1
 Tukima's Dance           Hex            7%         N/A       28%         3
 Animate Dead             Necr           11%        N/A       52%         4
 Borgnjor's Vile Clutch   Necr/Erth      3%         N/A       95%         5
 Death Channel            Necr           5%         N/A       100%        6
 Manifold Assault         Tloc           1%         N/A       100%        7


Dungeon Overview and Level Annotations

Branches:
Dungeon (7/15)             Temple (1/1) D:6          Bailey (1/1)

Altars:
Cheibriados
Dithmenos
Gozag
Kikubaaqudgha
Makhleb
Nemelex Xobeh
Qazlal
Ru
Sif Muna
Trog
Uskayaw
Wu Jian
Xom
Yredelemnul


Innate Abilities, Weirdness & Mutations

You have a pair of small antennae on your head.
You are surrounded by a mild repulsion field. (EV +2)
You may rarely emit foul miasma when damaged in melee.
You regenerate magic rapidly.


Message History

You throw a curare-tipped dart.
The curare-tipped dart hits the orc knight.
The orc knight looks as sick as possible!
The orc knight struggles to breathe.
The orc knight seems to slow down.
The orc knight is heavily wounded.
The orc warrior completely misses you.
Casting: Mercury Vapours (safe; 4% risk of failure)
Confirm with . or Enter, or press ? or * to list all spells.
Aiming: Mercury Vapours (safe; 4% risk of failure)
Press: ? - help, Dir - move target, f/p - orc knight
Aim: an orc knight, wielding a +0 broad axe, wearing a +0 chain mail and quivering datura-tipped darts (heavily wounded, extremely poisoned, slow, chance to weaken: 25%)
Okay, then.
Casting: Mercury Vapours (safe; 4% risk of failure)
Confirm with . or Enter, or press ? or * to list all spells.
Aiming: Mercury Vapours (safe; 4% risk of failure)
Press: ? - help, Dir - move target, f - kobold brigand, p - orc knight
Aim: a kobold brigand, wielding a +0 war axe and quivering poisoned darts (severely wounded, poisoned, weak, chance to weaken: 80%) Fumes of mercury billow around the kobold brigand!
The kobold brigand looks even sicker.
The kobold brigand looks even weaker. x2
The orc warrior looks even weaker.
The orc warrior closely misses you.
You feel very mighty all of a sudden. The orc warrior misses you.
The orc knight roars a battlecry!
The orc warrior goes into a battle-frenzy!
You barely miss the orc warrior.
The orc warrior hits you with a +0 war axe!
Okay, then.
You closely miss the kobold brigand.
The kobold brigand is severely wounded.
The orc warrior hits you with a +0 war axe!
Okay, then.
As you read the scroll labelled WEXIHU XOMEMM, it crumbles to dust.
A profound silence engulfs you.
It was a scroll of silence.
Sif Muna accepts your kill.
You feel a bit more experienced.
The kobold brigand hits you with a +0 war axe.
The orc warrior barely misses you.
The orc knight hits you with a +0 broad axe!!
You die...

##.÷∩).## ##'''##
#÷.)# #...# #...#
####...####
##~.......~##
#####~~.......~~#####
#..o@K~.......~~)...#
#(###o~.......~~###.#
#...{~~.......~~....#
#.###~~.......~~###.#
#....~~.......~~....#
#.###~~.......~~###.#
#....~~.......~~....#
#.###~~.......~~###.#
#..oK~~.......~~....#


You could see an orc knight (very poisoned, slow), an orc warrior (strong, weak)
and a kobold brigand (poisoned, weak).

Vanquished Creatures
  2 orc warriors (Bailey)
  A black bear (D:5)
  A sky beast (D:6)
  An ogre (D:5)
  A centaur (D:7)
  2 phantoms (D:5)
  4 kobold brigands (Bailey)
  A bullfrog (D:7)
  3 scorpions
  A killer bee (D:7)
  A bombardier beetle (D:5)
  3 jellies
  A gnoll bouda (D:7)
  2 iguanas (D:5)
  An orc wizard (D:4)
  6 gnolls
  5 adders
  3 shadow imps
  A white imp (D:5)
  2 ufetubi (D:6)
  2 dart slugs
  12 orcs
  8 ball pythons
  6 bats
  11 endoplasms
  5 giant cockroaches
  9 hobgoblins
  11 jackals
  14 kobolds
  3 quokkas
  5 frilled lizards
  5 goblins
  2 rats
135 creatures vanquished.

Notes
Turn   | Place    | Note
-------+----------+-------------------------------------------
     0 | D:1      | Esekla the Demonspawn Wanderer began the quest for the Orb.
     0 | D:1      | Esekla set off with the following items: a +0 dagger, a
                  | scroll of blinking, a +0 robe, a +0 helmet; and the
                  | following spells available to memorise: Sting, Slow,
                  | Mercury Vapours, Tukima's Dance, Ignite Poison.
     0 | D:1      | Reached XP level 1. HP: 15/15 MP: 2/2
   139 | D:1      | Gained mutation: You have a pair of small antennae on your
                  | head. [demonic ancestry]
   139 | D:1      | Reached XP level 2. HP: 19/21 MP: 3/3
   229 | D:1      | Learned a level 2 spell: Mercury Vapours
   750 | D:1      | Gained mutation: You are surrounded by a mild repulsion
                  | field. (EV +2) [demonic ancestry]
   750 | D:1      | Reached XP level 3. HP: 25/26 MP: 5/5
  1000 | D:2      | Reached skill level 1 in Air Magic
  1535 | D:2      | Reached XP level 4. HP: 14/32 MP: 2/6
  1563 | D:2      | Identified the +2 robe of the Apothecary {+Inv rCorr}
  1710 | D:2      | Learned a level 4 spell: Ignite Poison
  2557 | D:3      | Found a snail-covered altar of Cheibriados.
  2906 | D:3      | Reached skill level 1 in Short Blades
  3411 | D:4      | Found a sparkling altar of Nemelex Xobeh.
  3809 | D:4      | Reached skill level 1 in Fire Magic
  3927 | D:4      | Gained mutation: You regenerate magic rapidly. [demonic
                  | ancestry]
  3927 | D:4      | Reached XP level 5. HP: 28/38 MP: 2/8
  4268 | D:5      | Entered Level 5 of the Dungeon
  4585 | D:5      | Noticed a phantom
  4679 | D:4      | Gained mutation: You may rarely emit foul miasma when
                  | damaged in melee. [demonic ancestry]
  4679 | D:4      | Reached XP level 6. HP: 37/44 MP: 10/10
  5049 | D:5      | Reached XP level 7. HP: 37/52 MP: 2/11
  6020 | D:6      | Identified the +8 rapier "Omiczytz" {spect, *Corrode Str+3
                  | Int+4}
  6079 | D:6      | Found a staircase to the Ecumenical Temple.
  6090 | Temple   | Entered the Ecumenical Temple
  6412 | D:6      | Found an ornate altar of the Wu Jian Council.
  6961 | Temple   | Became a worshipper of Sif Muna the Loreminder
  7017 | D:7      | Learned a level 3 spell: Ozocubu's Armour
  7026 | D:7      | Learned a level 3 spell: Fugue of the Fallen
  7099 | D:7      | Found a flagged portal.
  7141 | D:6      | Reached skill level 1 in Necromancy
  7145 | D:6      | Reached XP level 8. HP: 29/58 MP: 7/13
  7242 | D:7      | Reached skill level 1 in Ice Magic
  7318 | Bailey   | Entered a bailey
  7692 | Bailey   | Noticed an orc knight
  7729 | Bailey   | Slain by an orc knight

Illustrated notes

Levels and vault maps discovered:
D:1:      erik_arrival_blinker_ship, layout_rooms, minmay_pentomino_p2
D:2:      layout_loops_cross, chequers_serial_rivers_marsh
D:3:      layout_basic, mainiacjoe_overflow_alcove_4
D:4:      layout_basic, nemelex_spade_bored_becter, minivault_5
D:5:      layout_basic
D:6:      layout_basic, mainiacjoe_overflow_24_doors, temple_pool_b, minivault_1
D:7:      layout_loops_ring, nicolae_overflow_guarded_unrand_okawaru_victory,
          mainiacjoe_overflow_paths, enter_bailey_6, serial_bayou_crossing
Temple:   compressed_dpeg_triangle_lava_temple
Bailey:   bailey_axe_3, bailey

Skill      XL: |  1  2  3  4  5  6  7  8 |
---------------+-------------------------+-----
Air Magic      | 1 2 3 |  3.8
Spellcasting   | 2 3 4 |  4.6
Short Blades   | 1 2 |  2.2
Fire Magic     | 1 2 3 |  3.1
Fighting       | 2 3 4 |  4.2
Stealth        | 2 |  2.3
Alchemy        | 4 |  4.4
Dodging        | 2 |  2.4
Necromancy     | 1 2 |  2.2
Ice Magic      | 1 |  1.9
Invocations    | 2 |  2.7
Throwing       | |  0.3
Hexes          | |  1.0

Action                     |  1- 3 |  4- 6 |  7- 9 || total
---------------------------+-------+-------+-------++-------
  Melee: Dagger            |   180 |   180 |   159 ||   519
  Throw: Dart              |     1 |       |     8 ||     9
   Cast: Mercury Vapours   |    31 |    52 |    64 ||   147
    Use: Scroll            |       |     3 |     8 ||    11
         Potion            |       |       |     4 ||     4
   Stab: Sleeping          |     3 |     3 |     1 ||     7
         Invisible         |       |       |     1 ||     1
 Armour: Robe              |    69 |   118 |    97 ||   284
  Dodge: Dodged            |   130 |   143 |   144 ||   417

Table legend: (Time is in decaauts)
 A = Elapsed time spent in this place.
 B = Non-inter-level travel time spent in this place.
 C = Inter-level travel time spent in this place.
 D = Time resting spent in this place.
 E = Time spent auto-exploring this place.
 F = Levels seen in this place.
 G = Mean time per level.
                   A        B        C        D        E       F      G
               +--------+--------+--------+--------+--------+-----+--------+
         Total |   7721 |   7428 |    293 |   1634 |   1693 |   9 |  857.9 |
       Dungeon |   7258 |   6982 |    276 |   1421 |   1693 |   7 | 1036.9 |
        Temple |     45 |     29 |     16 |      0 |      0 |   1 |   45.0 |
        Bailey |    417 |    417 |      0 |    213 |      0 |   1 |  417.0 |
               +--------+--------+--------+--------+--------+-----+--------+

Top non-repeatable levels by time:
     D:5: 1528 daAuts
     D:3: 1314 daAuts
     D:4: 1301 daAuts
     D:1: 1090 daAuts
     D:6: 938 daAuts
     D:2: 840 daAuts
  Bailey: 417 daAuts
     D:7: 244 daAuts
  Temple: 45 daAuts
